 Dungeon Crawl Stone Soup version 0.30.0-17-ge0270778cf (webtiles) character file.

Game seed: 9598100519285567227

56 MacCMillion the Chopper (level 3, 0/31 HPs)
             Began as a Minotaur Fighter on May 22, 2023.
             Slain by a gnoll
             ... wielding a +0 halberd
              (12 damage)
             ... on level 2 of the Dungeon.
             The game lasted 00:01:51 (1341 turns).

MacCMillion the Chopper (Minotaur Fighter)          Turns: 1341, Time: 00:01:52

Health: 0/31       AC:  7    Str: 22    XL:     3   Next: 69%
Magic:  2/2        EV:  9    Int:  5    God:
Gold:   116        SH:  4    Dex:  9    Spells: 2/2 levels left

rFire   . . .        a - +0 war axe
rCold   . . .        c - +0 buckler
rNeg    . . .        b - +0 scale mail
rPois   .            (helmet restricted)
rElec   .            (no cloak)
rCorr   .            (no gloves)
SInv    .            (no boots)
Will    .....        (no amulet) Stlth
                     (no ring)
HPRegen 0.25/turn    (no ring)
MPRegen 0.08/turn

%: no passive effects
@: no status effects
A: horns 2, retaliatory headbutt
a: no special abilities


You were on level 2 of the Dungeon.
You visited 1 branch of the dungeon, and saw 2 of its levels.

You collected 116 gold pieces.

Inventory:

Hand Weapons
 a - a +0 war axe (weapon)
Missiles
 i - 4 poisoned darts (quivered)
 j - 3 boomerangs
Armour
 b - a +0 scale mail (worn)
 c - a +0 buckler (worn)
Potions
 d - a potion of might
 e - a potion of invisibility {unknown}
 f - a potion of attraction {unknown}
 g - a potion of heal wounds {unknown}
 h - a potion of curing {unknown}


   Skills:
 - Level 3.6 Fighting
 + Level 4.7 Axes
 - Level 3.7 Armour
 - Level 4.0 Shields


You had 2 spell levels left.
You didn't know any spells.
Your spell library contained the following spells:

 Spells                   Type           Power      Damage    Failure   Level
 Ozocubu's Armour         Ice            0%         N/A       99%         3
 Metabolic Englaciation   Hex/Ice        0%         N/A       100%        5
 Simulacrum               Ice/Necr       0%         N/A       100%        6


Dungeon Overview and Level Annotations

Branches:
Dungeon (2/15)

Altars:


Innate Abilities, Weirdness & Mutations

You have a pair of horns on your head.
You reflexively headbutt those who attack you in melee.


Message History

You slash the ball python!
You kill the ball python!
No target in view!
You now have 116 gold pieces (gained 15).
You open the door.
There is an open door here.
A gnoll comes into view. It is wielding a +0 club.
The gnoll shouts!
A gnoll is nearby!
A gnoll comes into view. It is wielding a +0 halberd.
There is an open door here.
You barely miss the gnoll. The gnoll closely misses you.
You barely miss the gnoll. The gnoll hits you with a +0 club.
You closely miss the gnoll. You headbutt the gnoll!
The gnoll is almost dead.
The gnoll closely misses you. x2
You hit the gnoll.
You kill the gnoll!
No target in view!
You start resting.
HP restored.
You see here a +0 club.
A gnoll comes into view. It is wielding a +0 spear.
The gnoll shouts! x2
You see here a +0 club.
The gnoll barely misses you.
The gnoll hits you from afar with a +0 halberd.
You hit the gnoll but do no damage. The gnoll closely misses you.
The gnoll hits you from afar with a +0 halberd.
You closely miss the gnoll. You block the gnoll's attack.
The gnoll closely misses you.
You barely miss the gnoll.
The gnoll hits you from afar with a +0 halberd!
The gnoll hits you with a +0 spear. The gnoll hits you but does no damage.
The gnoll closely misses you.
You hit the gnoll.
The gnoll is lightly wounded.
The gnoll hits you with a +0 spear.
The gnoll hits you from afar with a +0 halberd!
You die...

....# ....# ....# ...
####.## #.....#
##############.....#
......)...)@.#.....######
.#######..##g#.....'....#.#.
#.......#g#.....###....g.
#<##.####...gg....#..#.#.
####.# #########.#..# .. ..#
.#..# #### .... ..... .....


You could see 2 gnolls.

Vanquished Creatures
  A gnoll (D:2)
  An adder (D:2)
  3 dart slugs
  2 ball pythons
  A bat (D:1)
  5 endoplasms
  2 goblins (D:1)
  A hobgoblin (D:1)
  3 jackals (D:1)
  3 kobolds
  7 rats (D:1)
29 creatures vanquished.

Vanquished Creatures (others)
  2 minotaurs (D:1)
  2 gargoyles (D:1)
  A vampire (D:1)
  A spriggan (D:1)
  A formicid (D:1)
  A naga (D:1)
  A demigod (D:1)
  A mummy (D:1)
  A gnoll (D:1)
  An orc (D:1)
  12 tentacles (D:1)
24 creatures vanquished.

Grand Total: 53 creatures vanquished

Notes
Turn   | Place    | Note
-------+----------+-------------------------------------------
     0 | D:1      | MacCMillion the Minotaur Fighter began the quest for the
                  | Orb.
     0 | D:1      | Reached XP level 1. HP: 19/19 MP: 0/0
     0 | D:1      | Noticed a gargoyle
     0 | D:1      | Noticed a gargoyle
     0 | D:1      | Noticed a formicid
     0 | D:1      | Noticed a demigod
     0 | D:1      | Noticed a minotaur
     0 | D:1      | Noticed a minotaur
     0 | D:1      | Noticed a kraken
     0 | D:1      | Noticed a spriggan
     0 | D:1      | Noticed a vampire
     0 | D:1      | Noticed a naga
     3 | D:1      | Killed a gargoyle
     4 | D:1      | Killed a vampire
     5 | D:1      | Killed a naga
     6 | D:1      | Killed a gargoyle
     7 | D:1      | Killed a demigod
     8 | D:1      | Killed a minotaur
     8 | D:1      | Killed a spriggan
    13 | D:1      | Killed a minotaur
    18 | D:1      | Killed a formicid
   251 | D:1      | Reached XP level 2. HP: 26/26 MP: 1/1
   335 | D:1      | Found a faded altar of an unknown god.
  1118 | D:2      | Reached XP level 3. HP: 31/31 MP: 2/2
  1341 | D:2      | Slain by a gnoll

Illustrated notes

Levels and vault maps discovered:
D:1:      nicolae_arrival_kraken_aquarium_a, layout_basic,
          basic_ecumenical_altar
D:2:      layout_basic, minmay_misc_feat_room, uniq_sigmund

Skill      XL: |  1  2 |
---------------+-------+-----
Axes           | 3 4 |  4.7
Shields        | 4 |  4.0
Fighting       | |  3.6
Armour         | |  3.7

Action                     || total
---------------------------++-------
  Melee: War axe           ||    67
         Headbutt          ||     8
  Throw: Dart              ||     1
 Armour: Scale mail        ||    26
  Dodge: Dodged            ||    24
  Block: Buckler           ||    12
